 Dungeon Crawl Stone Soup version 0.25.0-46-gbd7b0854d2 (webtiles) character file.

Game seed: 11668576265316234719

3048 Ethylacetat the Zephyrmancer (level 9, 0/54 HPs)
             Began as an Octopode Air Elementalist on July 15, 2020.
             Was an Initiate of Vehumet.
             Slain by a gnoll shaman
             ... wielding a +0 club
              (2 damage)
             ... on level 7 of the Dungeon.
             The game lasted 00:25:11 (7841 turns).

Ethylacetat the Zephyrmancer (OpAE)                 Turns: 7841, Time: 00:25:11

Health: 0/54       AC:  1    Str:  7    XL:     9   Next: 87%
Magic:  1/18       EV: 14    Int: 20    God:    Vehumet [......]
Gold:   274        SH:  0    Dex: 19    Spells: 10/20 levels left

rFire    . . .     SeeInvis .   r - +2 dagger (flame)
rCold    . . .     Gourm    .   (no shield)
rNeg     . . .     Faith    .   (helmet restricted)
rPois    +         Spirit   .   (no amulet)
rElec    .         Reflect  .   a - ring of poison resistance
rCorr    .         Harm     .   v - +6 ring of dexterity
MR       .....     Clarity  +   q - ring of wizardry
Stlth    ++........             (no ring)
HPRegen  0.00/turn              (no ring)
MPRegen  0.16/turn              (no ring)
                                (no ring)
                                (no ring)

@: glowing
A: almost no armour, stealthy swim, amphibious, 8 rings, constrict 8, camouflage
1, clarity, mutation resistance 1, inhibited regeneration, gelatinous body 1
a: Renounce Religion


You were on level 7 of the Dungeon.
You worshipped Vehumet.
Vehumet was noncommittal.
You were very hungry.

You visited 2 branches of the dungeon, and saw 8 of its levels.

You collected 274 gold pieces.

Inventory:

Hand Weapons
 r - a +2 dagger of flaming (weapon)
Jewellery
 a - a ring of poison resistance (left tentacle)
 q - a ring of wizardry (on tentacle)
 v - a +6 ring of dexterity (right tentacle)
Wands
 o - a wand of polymorph (8)
Scrolls
 c - a scroll of amnesia {unknown}
 d - a scroll of noise {unknown}
 f - 12 scrolls of identify {unknown}
 g - 5 scrolls of remove curse {unknown}
 j - 2 scrolls of magic mapping {unknown}
 l - 7 scrolls of teleportation {unknown}
 m - 2 scrolls of enchant weapon {unknown}
 n - 3 scrolls of blinking {unknown}
 w - a scroll of fog {unknown}
Potions
 e - a potion of might {unknown}
 h - 2 potions of lignification {unknown}
 i - 2 potions of curing
 p - a potion of stabbing {unknown}
 s - a potion of brilliance {unknown}
 t - a potion of haste
 u - a potion of berserk rage {unknown}
Comestibles
 b - 13 rations
 x - 2 chunks of flesh


   Skills:
 + Level 1.8 Fighting
 + Level 1.1 Short Blades
 - Level 2.0 Dodging
 - Level 2.6 Stealth
 + Level 6.4 Spellcasting
 * Level 7.4 Conjurations
 * Level 9.1 Air Magic


You had 10 spell levels left.
You knew the following spells:

 Your Spells              Type           Power        Failure   Level  Hunger
a - Shock                 Conj/Air       ####         1%          1    None
b - Airstrike             Air            #####.....   1%          4    ####...
c - Lightning Bolt        Conj/Air       #####.....   4%          5    #####..

Your spell library contained the following spells:

 Spells                   Type           Power        Failure   Level  Hunger
 Swiftness                Chrm/Air       ###.....     1%          2    None
 Static Discharge         Conj/Air       #####...     1%          3    ##.....


Dungeon Overview and Level Annotations

Branches:
Dungeon (7/15)             Temple (1/1) D:7

Altars:
Ashenzari
Cheibriados
Dithmenos
Fedhas
Gozag
Kikubaaqudgha
Nemelex Xobeh
Qazlal
Ru
Trog
Uskayaw
Vehumet
Wu Jian
Yredelemnul
Zin


Innate Abilities, Weirdness & Mutations

You cannot wear most types of armour.
You are very stealthy in the water. (Stealth+)
You are amphibious.
You can wear up to eight rings at the same time.
You can use your tentacles to constrict eight enemies at once.
Your skin changes colour to match your surroundings (Stealth+).
Your rubbery body absorbs attacks. (AC +1, EV +1)
You possess an exceptional clarity of mind.
You are somewhat resistant to further mutation.
You do not regenerate when monsters are visible.


Message History

Vehumet accepts your kill.
The gnoll shaman hits you but does no damage.
You hit the gnoll shaman. You burn the gnoll shaman.
Your grab misses the gnoll shaman.
The gnoll shaman is lightly wounded.
The gnoll shaman closely misses you.
You hit the gnoll shaman but do no damage.
You grab the gnoll shaman.
The gnoll shaman is lightly wounded.
You constrict the gnoll shaman.
The gnoll shaman hits you with a +0 club.
* * * LOW HITPOINT WARNING * * *
You hit the gnoll shaman but do no damage.
The gnoll shaman is moderately wounded.
You constrict the gnoll shaman, but do no damage.
The gnoll shaman hits you with a +0 club!
* * * LOW HITPOINT WARNING * * *
You release your grip on the gnoll shaman.
The gnoll shaman hits you with a +0 club.
You die...

..........##..........#.........#
.............g...............)..)
.....................##..⌠...⌠..#
..........%...........#.........#
.............[.............>....÷
......................#..[......#
...##...).#####...#..⌠...⌠..# ...
#.##..#.####............. .. ...
#..Sg@.....#.........#
#.......#.#.....##.##.##.##
#.....###.#...#..........# ....#.
...#### ..##.....# #...S. ....#
.....##..... ..... ...#..# ....
### ...##


You could see a gnoll shaman (fast) and an adder.

Vanquished Creatures
  Pikel (D:5)
  2 hippogriffs (D:7)
  Prince Ribbit (D:5)
  The ghost of qipq the Magician, an amateur OpFE (D:5)
  Sigmund (D:5)
  Duvessa (D:7)
  An ice beast (D:7)
  An ogre (D:5)
  3 bullfrogs
  Dowan (D:7)
  A scorpion (D:6)
  4 crimson imps
  A quasit (D:7)
  3 orc priests
  6 orc wizards
  A gnoll shaman (D:5)
  3 hounds
  A centaur skeleton (D:7)
  4 worker ants
  2 iguanas
  A killer bee zombie (D:6)
  A hound skeleton (D:6)
  A worker ant zombie (D:7)
  11 gnolls
  13 adders
  A river rat (D:5)
  A shadow imp (D:7)
  A white imp (D:4)
  2 oozes (D:3)
  2 adder zombies
  2 adder skeletons
  2 worms (D:2)
  2 dart slugs
  4 leopard geckos
  17 orcs
  6 giant cockroaches
  5 goblins
  6 hobgoblins
  12 kobolds
  3 quokkas
  3 ball pythons
  3 bats (D:1)
  3 frilled lizards
  6 rats
147 creatures vanquished.

Vanquished Creatures (others)
  A wizard (D:3)
  3 slaves (D:5)
  A crimson imp (D:5)
  A centaur zombie (D:5)
  A hound (D:5)
  An adder (D:5)
  2 orcs (D:5)
10 creatures vanquished.

Grand Total: 157 creatures vanquished

Notes
Turn   | Place    | Note
-------+----------+-------------------------------------------
     0 | D:1      | Ethylacetat the Octopode Air Elementalist began the quest
                  | for the Orb.
     0 | D:1      | Reached XP level 1. HP: 11/11 MP: 3/3
   167 | D:1      | Reached XP level 2. HP: 15/17 MP: 5/5
  1032 | D:2      | Reached XP level 3. HP: 21/21 MP: 4/6
  1590 | D:2      | Reached XP level 4. HP: 16/27 MP: 5/7
  1795 | D:2      | Reached skill level 4 in Air Magic
  2036 | D:2      | Found a shattered altar of Ashenzari.
  2172 | D:3      | Reached XP level 5. HP: 5/31 MP: 0/8
  2451 | D:3      | Noticed a sky beast
  2610 | D:3      | Found a bloodstained altar of Trog.
  2612 | D:3      | Noticed a wizard
  2618 | D:3      | Killed a wizard
  2621 | D:3      | Learned a level 4 spell: Airstrike
  3600 | D:4      | Reached XP level 6. HP: 36/37 MP: 8/10
  3610 | D:4      | Learned a level 5 spell: Lightning Bolt
  4321 | D:5      | Entered Level 5 of the Dungeon
  4518 | D:5      | Reached skill level 5 in Air Magic
  4518 | D:5      | Reached XP level 7. HP: 38/42 MP: 7/12
  4577 | D:5      | Noticed Pikel
  4590 | D:5      | Killed Pikel
  4590 | D:5      | Reached skill level 1 in Fighting
  4590 | D:5      | Reached skill level 5 in Conjurations
  4590 | D:5      | Reached XP level 8. HP: 16/48 MP: 0/14
  4842 | D:5      | Found a runed translucent door.
  4847 | D:5      | Noticed qipq's ghost (amateur OpFE)
  4864 | D:5      | Reached skill level 6 in Air Magic
  4912 | D:5      | Found a glowing silver altar of Zin.
  4932 | D:5      | Reached skill level 1 in Short Blades
  5160 | D:5      | Noticed Sigmund
  5216 | D:5      | Killed Sigmund
  5377 | D:5      | Reached skill level 5 in Spellcasting
  5419 | D:5      | Noticed Prince Ribbit
  5430 | D:5      | Killed Prince Ribbit
  5616 | D:5      | Reached skill level 7 in Air Magic
  5804 | D:5      | Reached XP level 9. HP: 54/54 MP: 13/17
  5978 | D:5      | Found a runed translucent door.
  6001 | D:5      | Killed qipq's ghost
  6456 | D:6      | Found a shadowy altar of Dithmenos.
  6546 | D:6      | Found a snail-covered altar of Cheibriados.
  6731 | D:6      | Found an ancient bone altar of Kikubaaqudgha.
  7142 | D:7      | Reached skill level 8 in Air Magic
  7289 | D:7      | Found a staircase to the Ecumenical Temple.
  7310 | Temple   | Entered the Ecumenical Temple
  7333 | Temple   | Became a worshipper of Vehumet
  7684 | D:7      | Noticed Duvessa
  7684 | D:7      | Noticed Dowan
  7809 | D:7      | Killed Duvessa
  7809 | D:7      | Reached skill level 9 in Air Magic
  7817 | D:7      | Gained mutation: Scrolls take you a little longer to read.
                  | [potion of mutation]
  7817 | D:7      | Gained mutation: You possess an exceptional clarity of
                  | mind. [potion of mutation]
  7818 | D:7      | Lost mutation: You possess an exceptional clarity of mind.
                  | [potion of mutation]
  7818 | D:7      | Lost mutation: Scrolls take you a little longer to read.
                  | [potion of mutation]
  7818 | D:7      | Gained mutation: You possess an exceptional clarity of
                  | mind. [potion of mutation]
  7818 | D:7      | Gained mutation: You do not regenerate when monsters are
                  | visible. [potion of mutation]
  7818 | D:7      | Gained mutation: You are somewhat resistant to further
                  | mutation. [potion of mutation]
  7835 | D:7      | Killed Dowan
  7840 | D:7      | HP: 2/54 [gnoll shaman/+0 club (8)]
  7841 | D:7      | Slain by a gnoll shaman

Illustrated notes

Levels and vault maps discovered:
D:1:      roderic_octagonal_star, layout_loops_ring
D:2:      layout_basic, lemuel_coloured_pillars_altar
D:3:      layout_basic, trog_wizard
D:4:      layout_rooms, minmay_fire_ice_demons
D:5:      layout_loops_ring, ebering_ghost_sewer_f, first_ration, basic_altar,
          kennysheep_generic_room_8, uniq_pikel, uniq_prince_ribbit1,
          uniq_sigmund
D:6:      layout_basic, kiku_gazebo_garden_becter, kennysheep_slug_shrine,
          basic_altar, chequers_serial_rivers_small_a, moated_statue
D:7:      layout_cave_pools, bloody_makhleb, minmay_temple_entry_large_hall,
          the_bakery, uniq_duvessa
Temple:   minmay_temple_bridge_abc

Skill      XL: |  1  2  3  4  5  6  7  8  9 |
---------------+----------------------------+-----
Conjurations   | 2 3 4 5 6 7 |  7.4
Air Magic      | 4 5 7 9 |  9.1
Spellcasting   | 3 4 5 6 |  6.4
Fighting       | 1 |  1.8
Short Blades   | 1 |  1.1
Dodging        | |  2.0
Stealth        | |  2.6

Action                   |  1- 3 |  4- 6 |  7- 9 || total
-------------------------+-------+-------+-------++-------
Melee: Unarmed           |     4 |       |       ||     4
       Dagger            |    27 |    38 |    39 ||   104
       Constrict         |     7 |     9 |    10 ||    26
       Tentacles         |     3 |     5 |    11 ||    19
 Cast: Shock             |    55 |   104 |   169 ||   328
       Airstrike         |       |       |    17 ||    17
  Use: Potion            |       |       |     3 ||     3
 Stab: Sleeping          |     1 |     1 |       ||     2
  Eat: Chunk             |     3 |     9 |    11 ||    23
Armor: Skin              |     3 |     2 |       ||     5
Dodge: Dodged            |    24 |    42 |    45 ||   111
